Map: 드림캐처 - 래더

Players

LiquidTaeJa (TaeJa)

  • Race: Terran Terran
  • League: Diamond
  • Spawn Location: 5:00

PtitDrogo - Winner!

  • Race: Protoss Protoss
  • League: Master
  • Spawn Location: 11:00

Event: HomeStory Cup XVIII

VOD

Have the link to the VOD?

Description

Time

  • Played on: Nov. 23, 2018, 2:04 p.m.
  • Length: 14:02

All games in this series

Show
View Real Time Build Order
Export as new Build Order

LiquidTaeJa Terran 

Build Orders: Liberator Opening 

Get SALT Encoding   

  12  0:00  SCV  
  13  0:12  SCV  
  14  0:17  Supply Depot  
  14  0:24  SCV  
  15  0:38  SCV  
  15  0:41  Barracks  
  16  0:44  Refinery  
  16  0:50  SCV  
  16  0:55  Refinery  
  17  1:02  SCV  
  18  1:14  SCV  
  19  1:28  Reaper, Orbital Command  
  20  1:35  Supply Depot  
  20  1:43  Factory  
  20  1:54  SCV  
  21  2:00  Reaper, Bunker  
  22  2:06  SCV  
  23  2:18  SCV  
  24  2:29  Widow Mine  
  25  2:30  SCV  
  26  2:38  Command Center  
  26  2:42  SCV  
  27  2:45  Starport  
  27  2:49  Supply Depot, Barracks Reactor  
  27  2:53  Widow Mine  
  29  2:59  SCV  
  30  3:07  Liberator  
  30  3:11  SCV  
  31  3:20  Factory Tech Lab  
  31  3:23  SCV  
  31  3:26  Marine x2  
  37  3:35  SCV  
  37  3:40  Supply Depot  
  38  3:45  Barracks x2  
  39  3:48  SCV  
  39  3:54  Orbital Command  
  39  4:02  Cyclone  
  42  4:04  SCV  
  43  4:13  Marine x2  
  43  4:16  SCV  
  46  4:18  Starport Reactor  
  46  4:20  SCV  
  47  4:29  SCV  
  47  4:31  Engineering Bay  
  47  4:32  SCV  
  47  4:34  Barracks Tech Lab  
  48  4:41  SCV  
  48  4:44  Marine, SCV  
  48  4:45  Marine x2  
  53  4:46  Stimpack  
  53  4:48  Supply Depot  
  53  4:53  SCV  
  53  4:55  Marine  
  53  4:56  Combat Shield, SCV  
  56  5:02  Marine  
  56  5:03  Marine  
  56  5:06  SCV  
  56  5:08  Terran Infantry Weapons Level 1, SCV  
  56  5:09  Marine  
  56  5:11  Medivac  
  60  5:17  Refinery  
  60  5:18  SCV  
  60  5:19  Supply Depot  
  60  5:20  SCV  
  62  5:21  Marine x2  
  62  5:24  Medivac  
  66  5:30  SCV  
  66  5:35  SCV  
  68  5:42  SCV  
  69  5:48  Marauder x2, Refinery, Command Center  
  69  5:49  SCV  
  74  5:51  Factory Tech Lab  
  74  5:53  Marine x2  
  74  5:54  SCV  
  74  5:56  Supply Depot  
  77  6:00  Supply Depot  
  77  6:02  SCV  
  78  6:09  SCV  
  78  6:17  Siege Tank, SCV  
  78  6:18  Marauder x2  
  86  6:21  Marine x2, SCV  
  89  6:33  Supply Depot  
  89  6:34  Supply Depot  
  89  6:35  Medivac x2  
  89  6:38  Barracks  
  93  6:40  Barracks  
  93  6:46  SCV  
  94  6:54  Marine x2  
  94  6:55  Marauder x2, SCV  
  94  6:56  Siege Tank  
  104  7:01  Orbital Command  
  104  7:02  Terran Infantry Armor Level 1, SCV  
  104  7:04  Concussive Shells  
  104  7:07  SCV  
  106  7:13  Armory, Engineering Bay  
  106  7:14  Marine x2  
  108  7:18  SCV  
  108  7:19  SCV  
  108  7:21  Marauder  
  114  7:23  Marauder  
  114  7:29  Barracks Tech Lab, Barracks Reactor  
  114  7:31  SCV x2  
  114  7:32  SCV  
  114  7:34  Marine x2  
  114  7:35  Factory  
  118  7:40  Supply Depot  
  118  7:42  Supply Depot  
  118  7:43  SCV x2  
  120  7:45  Marauder  
  120  7:47  Siege Tank  
  125  7:58  SCV  
  125  8:01  Supply Depot x2, SCV  
  125  8:02  Terran Infantry Weapons Level 2  
  125  8:04  Terran Vehicle Weapons Level 1, SCV  
  127  8:06  Refinery  
  127  8:07  Refinery  
  127  8:10  SCV  
  127  8:11  Supply Depot  
  127  8:12  Supply Depot  
  128  8:14  Marine x2, Marauder x2  
  128  8:15  Marauder  
  128  8:19  Factory Tech Lab  
  131  8:29  Siege Tank  
  131  8:30  SCV x3  
  131  8:32  Marine x4  
  140  8:35  Marauder x2  
  143  8:42  Marauder  
  143  8:47  SCV x2  
  143  8:52  Missile Turret  
  143  8:53  Marine x2  
  143  8:54  Missile Turret, Marine x2  
  146  8:58  Supply Depot  
  146  9:00  Siege Tank, Command Center  
  146  9:01  Siege Tank  
  152  9:05  Terran Infantry Armor Level 2  
  152  9:07  Marauder  
  155  9:10  Marauder  
  155  9:12  Medivac  
  157  9:18  Missile Turret  
  157  9:20  Missile Turret x2  
  157  9:24  Marine x4  
  161  9:32  Siege Tank  
  161  9:33  Siege Tank  
  161  9:36  Supply Depot  
  161  9:38  Marauder  
  168  9:44  Marauder x2  
  168  9:45  Marine x3  
  174  9:58  Sensor Tower  
  174  9:59  Marauder  
  172  10:04  Siege Tank  
  172  10:05  Siege Tank  
  172  10:06  Marauder  
  179  10:11  Supply Depot  
  179  10:12  Supply Depot  
  174  10:23  Marauder x2  
  178  10:41  Terran Infantry Weapons Level 3  
  178  10:43  Marine x3  
  178  10:44  Marauder x2  
  178  10:47  Marine  
  186  10:52  Barracks x3  
  186  10:54  Marauder  
  186  10:56  Medivac x2  
  192  10:57  Terran Vehicle Weapons Level 2  
  192  10:59  Siege Tank  
  195  11:09  Siege Tank  
  194  11:25  Marine x3, Marauder x3  
  173  11:28  Marine  
  173  11:30  Medivac x2  
  162  11:34  Command Center  
  157  11:40  Command Center  
  157  11:43  Marine x2  
  157  11:46  Marauder  
  157  11:47  Marauder x2  
  155  11:58  Marine  
  155  11:59  Marine  
  155  12:00  Marine  
  153  12:06  Marine  
  153  12:08  Marine, Marauder x2  
  156  12:11  Medivac x2  
  158  12:16  Marine x2  
  158  12:20  Marine  
  150  12:24  Marine  
  150  12:26  Marauder  
  150  12:29  Marauder x2  
  154  12:31  Barracks Tech Lab x2, Barracks Reactor  
  154  12:34  Ghost Academy, Marine x2  
  156  12:38  Marine  
  156  12:40  Medivac  
  156  12:41  Medivac  
  156  12:42  Marine  
  162  12:47  Marauder  
  162  12:50  Sensor Tower  
  162  12:51  Marauder x2  
  167  12:52  Marine  
  168  13:06  Marine x3, Marauder x2  
  168  13:09  Marauder  
  168  13:10  Marine  
  168  13:12  Marauder  
  179  13:15  Siege Tank x2  
  179  13:18  Marauder  
  179  13:19  Planetary Fortress  
  186  13:28  Marauder x2  
  190  13:42  Marine x2  
Show
View Real Time Build Order
Export as new Build Order

PtitDrogo Protoss - Winner!

Build Orders: 1 Gate Expand, Colossus Rush 

Get SALT Encoding   

  12  0:00  Probe  
  13  0:12  Probe  
  14  0:18  Pylon  
  14  0:24  Probe  
  15  0:32  Probe  
  15  0:37  Gateway  
  15  0:40  Probe  
  16  0:46  Assimilator  
  17  0:51  Probe  
  18  1:03  Probe  
  19  1:15  Probe  
  20  1:21  Nexus  
  20  1:30  Cybernetics Core  
  20  1:33  Probe  
  20  1:39  Assimilator  
  21  1:45  Probe  
  22  1:49  Pylon  
  22  1:56  Stalker  
  22  1:57  Probe  
  23  2:07  Warp Gate  
  25  2:17  Probe  
  26  2:26  Probe  
  26  2:29  Probe  
  24  2:32  Robotics Facility  
  26  2:37  Probe x2  
  28  2:49  Stalker  
  30  2:52  Probe  
  30  2:54  Probe  
  32  3:03  Probe  
  32  3:04  Probe  
  33  3:11  Probe  
  34  3:17  Probe  
  36  3:20  Observer  
  36  3:21  Probe  
  36  3:22  Sentry  
  40  3:29  Probe  
  40  3:30  Probe  
  42  3:34  Gateway x2  
  42  3:38  Pylon, Probe  
  42  3:41  Probe  
  43  3:43  Observer  
  43  3:47  Pylon, Probe  
  46  3:56  Probe  
  46  3:57  Assimilator  
  46  3:59  Assimilator, Probe  
  48  4:04  Observer  
  48  4:06  Robotics Bay  
  48  4:07  Probe  
  48  4:08  Probe  
  50  4:15  Probe  
  51  4:20  Stalker  
  51  4:21  Probe  
  55  4:26  Probe  
  56  4:32  Pylon  
  56  4:33  Probe  
  56  4:36  Stalker x2  
  56  4:38  Probe  
  62  4:47  Pylon  
  62  4:50  Probe x2  
  62  4:51  Colossus  
  64  4:53  Observer  
  64  4:55  Nexus  
  64  4:57  Pylon  
  64  5:03  Probe  
  70  5:07  Probe  
  70  5:11  Extended Thermal Lance  
  71  5:17  Sentry x2  
  71  5:21  Probe x2  
  77  5:31  Forge, Twilight Council  
  77  5:34  Probe  
  78  5:35  Colossus  
  78  5:45  Gateway  
  78  5:46  Gateway  
  78  5:48  Shield Battery, Protoss Ground Weapons Level 1  
  78  5:52  Probe  
  78  5:54  Probe  
  86  6:05  Pylon  
  86  6:07  Probe, Stalker x2  
  86  6:08  Blink  
  91  6:17  Stalker  
  93  6:19  Pylon  
  93  6:35  Probe  
  93  6:36  Probe  
  93  6:39  Pylon, Photon Cannon  
  95  6:43  Colossus  
  95  6:45  Probe  
  102  6:48  Assimilator, Probe x2  
  102  6:49  Assimilator  
  102  6:50  Stalker x2  
  102  6:53  Pylon  
  108  6:58  Probe  
  108  7:00  Pylon, Probe x2  
  111  7:03  Forge  
  111  7:05  Pylon  
  111  7:10  Probe  
  111  7:12  Probe  
  111  7:13  Stalker x2  
  117  7:18  Pylon  
  117  7:19  Protoss Ground Weapons Level 2  
  117  7:26  Stalker x2  
  121  7:30  Gateway  
  121  7:33  Protoss Ground Armor Level 1  
  121  7:35  Observer  
  121  7:36  Gateway  
  121  7:40  Gateway  
  121  7:44  Colossus  
  127  8:03  Pylon  
  127  8:05  Stalker x5  
  135  8:09  Charge  
  134  8:32  Colossus  
  140  8:43  Nexus  
  140  8:45  Probe x2  
  140  8:46  Pylon  
  140  8:47  Probe  
  143  8:50  Pylon  
  143  8:52  Templar Archives  
  143  8:55  Observer  
  143  8:57  Zealot x5, Probe x2  
  143  8:59  Gateway  
  143  9:00  Gateway  
  143  9:01  Probe  
  156  9:04  Gateway  
  156  9:05  Gateway  
  156  9:06  Zealot x2  
  160  9:10  Probe  
  160  9:14  Probe  
  160  9:15  Assimilator  
  160  9:16  Protoss Ground Armor Level 2  
  161  9:18  Assimilator  
  161  9:21  Warp Prism  
  161  9:26  Protoss Ground Weapons Level 3  
  161  9:29  High Templar x6  
  173  9:32  Pylon  
  173  9:33  Archon x3  
  173  9:42  Pylon  
  173  9:47  Pylon  
  173  9:50  Stalker x2  
  176  10:08  Zealot x7  
  176  10:13  Dark Shrine  
  188  10:29  Psionic Storm  
  188  10:32  Probe  
  189  10:38  High Templar x3  
  189  10:41  Photon Cannon  
  195  10:45  Photon Cannon  
  195  10:48  Zealot x2, Photon Cannon  
  195  10:49  Shield Battery  
  197  10:59  Zealot  
  197  11:01  Photon Cannon  
  197  11:03  Photon Cannon  
  189  11:06  Zealot x5  
  189  11:10  Protoss Shields Level 1  
  199  11:14  Stalker x3  
  199  11:15  Zealot  
  165  11:25  Immortal  
  165  11:28  Zealot x6, Stalker x2  
  157  11:33  Probe  
  157  11:38  Observer, Stalker x2  
  157  11:39  Stalker  
  162  11:43  Stalker  
  158  11:49  Stalker x2  
  158  11:50  High Templar x2  
  160  11:57  High Templar x3  
  164  12:05  Pylon  
  160  12:08  High Templar  
  160  12:09  High Templar, Zealot x3  
  170  12:20  Nexus, Warp Prism  
  170  12:22  Pylon  
  166  12:25  Assimilator  
  166  12:29  Assimilator, Archon  
  166  12:34  High Templar x3  
  166  12:35  High Templar, Zealot  
  166  12:36  Zealot x2  
  182  12:43  Archon  
  182  12:44  Archon  
  182  12:51  Stalker  
  184  12:53  Zealot  
  184  12:55  High Templar  
  184  12:56  Photon Cannon, Observer  
  188  12:58  Photon Cannon  
  188  13:00  Photon Cannon  
  188  13:03  Zealot  
  188  13:06  Photon Cannon  
  188  13:10  Photon Cannon  
  178  13:28  High Templar x5  
  178  13:29  High Templar  
  178  13:30  Zealot x5  
  178  13:32  Archon x3  
  168  13:52  Stalker x6  
  168  13:55  Archon  
Tags
 
Add a new tag
Caveats
  • Supply blocks, unpowered buildings, or Contaminate may cause inaccurate times.
  • Supply counts are checked every 10 seconds.